AoeStats
← vehera95

MegaRandom

508026732Analyzed
3v3 RM · 11d ago on Sep 20, 2026· 38m 19s· 6 players
Game mode
Random Map
Map size
Normal (6 player)
Population
200
Speed
Normal
Resources
Standard
Victory
Conquest
Starting age
Dark Age
Ending age
Imperial Age
RankedLock teamsTeams togetherTeam positionsShared explorationLock speedFull tech treeHidden civsTurbo modeCheats
Victory
Defeat
🇹🇷 Khmer · Türkiye
1243
+10
🇹🇷 Chinese · Türkiye
1063
+17
🇹🇷 Mongols · Türkiye
1005
+18
🇩🇪 Burgundians · Germany
1127
-17
🇲🇽 Japanese · Mexico
1067
-14
🇫🇷 Turks · France
1057
-14
okarpit
2:38 Loom
11:37 Feudal Age
12:06 Town Watch
12:03 Horse Collar
12:10 Double-Bit Axe
15:23 Gold Mining
21:17 Castle Age
19:26 Stone Mining
20:00 Scale Mail Armor
22:37 Wheelbarrow
22:15 Bow Saw
22:08 Heavy Plow
23:33 Hand Cart
24:35 Gold Shaft Mining
25:15 Scale Barding Armor
25:26 Fletching
26:59 Forging
27:32 Husbandry
29:21 Bodkin Arrow
30:46 Bloodlines
30:55 Padded Archer Armor
30:53 Light Cavalry
33:37 Squires
34:01 Chain Barding Armor
33:38 Pikeman
34:04 Arson
37:57 Chain Mail Armor
38:09 Man-at-Arms
1lac
11:22 Feudal Age
17:12 Castle Age
15:46 Double-Bit Axe
19:18 Forging
21:41 Loom
31:28 Imperial Age
29:38 Fletching
30:24 Iron Casting
30:39 Town Watch
31:18 Scale Barding Armor
32:02 Wheelbarrow
31:46 Light Cavalry
32:36 Bloodlines
33:01 Husbandry
33:49 Bow Saw
33:21 Fishing Lines
35:25 Blast Furnace
34:59 Hand Cart
35:05 Chain Barding Armor
35:54 Hand Cart
35:39 Town Patrol
37:53 Bodkin Arrow
hekanic
3:02 Loom
13:03 Feudal Age
19:20 Castle Age
22:32 Wheelbarrow
22:30 Fletching
22:42 Padded Archer Armor
23:48 Stone Mining
25:54 Town Watch
29:34 Hand Cart
30:27 Double-Bit Axe
31:01 Bodkin Arrow
31:52 Bow Saw
37:08 Leather Archer Armor
37:12 Town Patrol
Cheo
11:59 Feudal Age
13:27 Wheelbarrow
12:38 Double-Bit Axe
13:06 Gold Mining
13:24 Stone Mining
13:42 Fishing Lines
16:40 Loom
16:40 Town Watch
21:11 Castle Age
22:08 Hand Cart
22:05 Bow Saw
21:37 Horse Collar
22:34 Gold Shaft Mining
22:21 Heavy Plow
22:35 Gillnets
23:40 Treadmill Crane
24:57 Masonry
26:34 Fervor
27:02 Clinker Construction
26:45 Guard Tower
29:26 Murder Holes
29:52 Ballistics
29:45 Fletching
29:55 Scale Mail Armor
30:06 Forging
31:53 Iron Casting
31:57 Chain Mail Armor
31:38 Bodkin Arrow
33:30 Town Patrol
33:34 Yasama
39:35 Imperial Age
vehera95
2:40 Loom
14:44 Feudal Age
15:39 Double-Bit Axe
16:54 Horse Collar
22:55 Fletching
25:55 Bloodlines
29:49 Forging
29:41 Scale Mail Armor
29:47 Scale Barding Armor
30:44 Wheelbarrow
33:28 Castle Age
CryZon
5:29 Loom
12:17 Feudal Age
11:54 Double-Bit Axe
13:44 Town Watch
30:26 Castle Age
Connection lost

Rejoining the realm…

Still unreachable

The connection could not be restored.

Session expired

The server has moved on; the page needs a fresh start.